 Dungeon Crawl Stone Soup version 0.28-b1-1-g3c77fb2ed1 (webtiles) character file.

Game seed: 15608005139898165844

163 zeram the Covered (level 5, -5/33 HPs)
             Began as a Gargoyle Fighter on Jan 28, 2022.
             Slain by a wight (14 damage)
             ... in an ossuary.
             The game lasted 00:07:33 (3247 turns).

zeram the Covered (Gargoyle Fighter)                Turns: 3247, Time: 00:07:34

Health: -5/33      AC: 13    Str: 22    XL:     5   Next: 44%
Magic:  5/5        EV:  9    Int:  8    God:
Gold:   91         SH:  4    Dex:  9    Spells: 4/4 levels left

rFire   . . .      SeeInvis .   h - +1 flail (vorpal)
rCold   . . .      Faith    .   c - +0 buckler
rNeg    + . .      Spirit   .   b - +0 scale mail
rPois   ∞          Reflect  .   (no helmet)
rElec   +          Harm     .   (no cloak)
rCorr   .          Rampage  .   m - +1 pair of gloves
Will    .....                   (no boots)
Stlth   ..........              (no amulet)
HPRegen 0.11/turn               (no ring)
MPRegen 0.09/turn               (no ring)

@: no status effects
A: sickness immunity, AC +4, negative energy resistance 1, electricity
resistance, torment resistance 1, petrification resistance
a: no special abilities


You were in an ossuary.
You visited 1 branch of the dungeon, and saw 4 of its levels.
You also visited: Ossuary.

You collected 91 gold pieces.

Inventory:

Hand Weapons
 a - a +0 flail
 h - a +1 vorpal flail (weapon)
Missiles
 k - 5 poisoned darts (quivered)
Armour
 b - a +0 scale mail (worn)
 c - a +0 buckler (worn)
 m - a +1 pair of gloves (worn)
Scrolls
 f - a scroll of blinking
 j - a scroll of enchant armour
Potions
 d - a potion of might
 e - 2 potions of curing
 g - 2 potions of mutation {unknown}
 i - a potion of flight {unknown}


   Skills:
 + Level 4.1 Fighting
 + Level 3.6 Maces & Flails
 + Level 4.1 Armour
 + Level 1.0 Dodging
 + Level 3.9 Shields


You had 4 spell levels left.
You didn't know any spells.
Your spell library contained the following spells:

 Spells                   Type           Power      Damage    Failure   Level
 Tukima's Dance           Hex            0%         N/A       99%         3
 Anguish                  Hex/Necr       0%         N/A       100%        4
 Enfeeble                 Hex            0%         N/A       100%        7


Dungeon Overview and Level Annotations

Branches:
Dungeon (4/15)            Ossuary (1/1)
 Temple: D:4-7

Altars:
Makhleb

Shops:
D:1 [   D:4 [


Innate Abilities, Weirdness & Mutations

You are immune to sickness and miasma.
Your stone body is resilient. (AC +4)
You are immune to poison.
You resist negative energy. (rN+)
You are resistant to electric shocks. (rElec)
You are resistant to unholy torment.
You are immune to petrification.


Message History

No target in view!
No target in view!
No target in view!
No target in view!
As you open the door, it creaks loudly!
A wight comes into view. It is wielding a +0 battleaxe.
A wight is nearby!
You closely miss the wight. The wight hits you with a +0 battleaxe!
You hit the wight.
The wight is heavily damaged.
The wight hits you with a +0 battleaxe!
* * * LOW HITPOINT WARNING * * *
You are too injured to fight recklessly!
You are too injured to fight recklessly!
You are too injured to fight recklessly!
You are too injured to fight recklessly!
You are too injured to fight recklessly!
You are too injured to fight recklessly!
You are too injured to fight recklessly!
You are too injured to fight recklessly!
You are too injured to fight recklessly!
You are too injured to fight recklessly!
You are too injured to fight recklessly!
You are too injured to fight recklessly!
You are too injured to fight recklessly!
You are too injured to fight recklessly!
You are too injured to fight recklessly!
You are too injured to fight recklessly!
You are too injured to fight recklessly!
You are too injured to fight recklessly!
You closely miss the wight.
The wight is heavily damaged.
You block the wight's attack.
You barely miss the wight.
The wight is heavily damaged.
The wight completely misses you. The wight barely misses you.
You hit the wight.
The wight is severely damaged.
The wight hits you with a +0 battleaxe!
You die...

##.## #.## #..###
##...# ###...##
##......#######
##........##.#.#
#..........#'#z#+#+#+
#..#.......'.@.......
##.##......#'#+#+#+#+
#.#......##.#
#.##....#####
##.....## ##...##
#####


You could see a wight.

Vanquished Creatures
  2 orc wizards (D:3)
  3 adders
  An adder skeleton (D:4)
  3 dart slugs
  12 orcs
  2 ball pythons
  9 bats
  3 endoplasms
  3 giant cockroaches (D:3)
  7 goblins
  8 hobgoblins
  4 jackals
  2 kobolds
  2 quokkas (D:2)
  A ball python skeleton (Ossuary)
  2 frilled lizards
  A hobgoblin zombie (Ossuary)
  5 rats
70 creatures vanquished.

Notes
Turn   | Place    | Note
-------+----------+-------------------------------------------
     0 | D:1      | zeram the Gargoyle Fighter began the quest for the Orb.
     0 | D:1      | Reached XP level 1. HP: 14/14 MP: 1/1
    45 | D:1      | Found Yripesk's Antique Armour Boutique.
    63 | D:1      | Found a faded altar of an unknown god.
   250 | D:1      | Reached XP level 2. HP: 19/19 MP: 2/2
   984 | D:2      | Reached XP level 3. HP: 24/24 MP: 3/3
  1533 | D:2      | Reached XP level 4. HP: 25/29 MP: 4/4
  2229 | D:3      | Reached XP level 5. HP: 5/33 MP: 5/5
  2527 | D:3      | Reached skill level 1 in Dodging
  2703 | D:3      | Found a burning altar of Makhleb.
  3038 | D:4      | Found Tacyata's Armour Shoppe.
  3173 | D:4      | Found a sand-covered staircase.
  3183 | Ossuary  | Entered an ossuary
  3247 | Ossuary  | Slain by a wight

Illustrated notes

Levels and vault maps discovered:
D:1:      evilmike_arrival_grusome_pit, layout_rooms,
          ebering_ecumenical_altar_mist, serial_shops, shop
D:2:      layout_loops_cross, minmay_pentomino_q2
D:3:      layout_rooms, mainiacjoe_overflow_alcove_2, kennysheep_big_empty_room
D:4:      layout_basic, nicolae_sif_muna_condensation,
          lightli_ossuary_entry_decrepit_ruins, serial_shops,
          nicolae_shop_trees, serial_co_window_serial, co_window_corner_a,
          co_window_paths_a, co_window_corner_a, co_window_of_opportunity_a,
          co_window_corner_a, co_window_corner_a, co_window_paths_a,
          co_window_paths_a, co_window_corner_a, co_window_corner_b,
          co_window_broadway_b, co_window_broadway_b,
          co_window_of_opportunity_b, co_window_corner_b, glass_columns_c,
          glass_columns_c, glass_columns_a
Ossuary:  ossuary_due_cavern

Skill      XL: |  1  2  3  4  5 |
---------------+----------------+-----
Maces & Flails | 3 |  3.6
Fighting       | 4 |  4.1
Armour         | 4 |  4.1
Dodging        | 1 |  1.0
Shields        | |  3.9

Action                   |  1- 3 |  4- 6 || total
-------------------------+-------+-------++-------
Melee: Flail             |    77 |   128 ||   205
  Use: Scroll            |     1 |     8 ||     9
Armor: Scale mail        |    62 |    97 ||   159
Dodge: Dodged            |    48 |    90 ||   138
Block: Buckler           |    14 |    44 ||    58
